NCAA
IOWA HAWKEYES @ OREGON DUCKS
05/11/2025
 
TOP OF THE 1ST
Iowa Hawkeyes batting - Pitching for Oregon Ducks : RHP Bill Peterson
Pitching: RHP Bill Peterson
Batting: RHB Gary Simmons 0-0: Called Strike
0-1: Ball
1-1: SOLO HOME RUN (Flyball, 7D), Distance : 354 ft
Batting: RHB Paul Dunn 0-0: Called Strike
0-1: Ground out 5-3 (Groundball, 56)
Batting: RHB Kelsey Scott 0-0: Ball
1-0: Called Strike
1-1: Swinging Strike
1-2: Strikes out looking
Batting: RHB Rob Byrd 0-0: Ground out 5-3 (Groundball, 56S)
Top of the 1st over - 1 run(s), 1 hit(s), 0 error(s), 0 left on base; Iowa 1 - Oregon 0
BOTTOM OF THE 1ST
Oregon Ducks batting - Pitching for Iowa Hawkeyes : LHP Johnny Clark
Pitching: LHP Johnny Clark
Batting: RHB Kris Ballard 0-0: Ball
1-0: Ball
2-0: Foul Ball, location: 2F
2-1: Foul Ball, location: 2F
2-2: Ball
3-2: Base on Balls
Batting: RHB Bob Levinson 0-0: Called Strike
0-1: Foul Ball, location: 2F
0-2: Strikes out swinging
Batting: RHB Tom Cirilo 0-0: Ball
Kris Ballard steals 2nd base
1-0: Ball
Kris Ballard steals 3rd base
2-0: Called Strike
2-1: Foul Ball, location: 2F
2-2: Foul Ball, location: 2F
2-2: Ball
3-2: Base on Balls
Batting: RHB Jared Pass 0-0: Called Strike
0-1: Foul Ball, location: 2F
0-2: 3-RUN HOME RUN (Flyball, 7D), Distance : 352 ft
Batting: RHB Raúl González 0-0: Ball
1-0: Called Strike
1-1: Foul Ball, location: 2F
1-2: Ball
2-2: Strikes out looking
Batting: RHB Mike Schenck 0-0: Ball
1-0: Fly out, F4 (Popup, 34)
Bottom of the 1st over - 3 run(s), 1 hit(s), 0 error(s), 0 left on base; Iowa 1 - Oregon 3
TOP OF THE 2ND
Iowa Hawkeyes batting - Pitching for Oregon Ducks : RHP Bill Peterson
Batting: RHB Alexander Barr 0-0: Ball
1-0: Called Strike
1-1: SINGLE (Line Drive, 6MD)
Batting: RHB Tad Greene 0-0: Fly out, F8 (Flyball, 89M)
Batting: RHB Joe Brinkman 0-0: Ball
1-0: Foul Ball, location: 2F
1-1: Ball
2-1: Ball
3-1: Called Strike
3-2: Base on Balls
Alexander Barr to second
Batting: SHB Travis Martin 0-0: Foul Ball, location: 2F
0-1: Ball
1-1: Ball
2-1: Ground out 3-1 (Groundball, 34S)
Alexander Barr to third
Joe Brinkman to second
Batting: RHB Vincent Powers 0-0: Ball
1-0: Ground out 1-3 (Groundball, 23)
Top of the 2nd over - 0 run(s), 1 hit(s), 0 error(s), 2 left on base; Iowa 1 - Oregon 3
BOTTOM OF THE 2ND
Oregon Ducks batting - Pitching for Iowa Hawkeyes : LHP Johnny Clark
Batting: RHB Nate Trevino 0-0: Swinging Strike
0-1: Ground out 6-3 (Groundball, 6)
Batting: LHB Bill Stephenson 0-0: Called Strike
0-1: Ball
1-1: Ball
2-1: Ball
3-1: Base on Balls
Batting: RHB Jerry Harris 0-0: Called Strike
0-1: Ball
1-1: Called Strike
1-2: Strikes out swinging
Batting: RHB Kris Ballard 0-0: Ball
1-0: Ball
2-0: Swinging Strike
2-1: Ball
3-1: Swinging Strike
3-2: Strikes out looking
Bottom of the 2nd over - 0 run(s), 0 hit(s), 0 error(s), 1 left on base; Iowa 1 - Oregon 3
TOP OF THE 3RD
Iowa Hawkeyes batting - Pitching for Oregon Ducks : RHP Bill Peterson
Batting: RHB Gary Simmons 0-0: Ball
1-0: Fly out, F8 (Flyball, 8LM)
Batting: RHB Paul Dunn 0-0: Swinging Strike
0-1: Foul Ball, location: 2F
0-2: Strikes out swinging
Batting: RHB Kelsey Scott 0-0: Foul Ball, location: 2F
0-1: Ball
1-1: Foul Ball, location: 2F
1-2: Ball
2-2: Strikes out swinging
Top of the 3rd over - 0 run(s), 0 hit(s), 0 error(s), 0 left on base; Iowa 1 - Oregon 3
BOTTOM OF THE 3RD
Oregon Ducks batting - Pitching for Iowa Hawkeyes : LHP Johnny Clark
Batting: RHB Bob Levinson 0-0: Ball
1-0: Swinging Strike
1-1: Called Strike
1-2: Ball
2-2: Strikes out swinging
Batting: RHB Tom Cirilo 0-0: Called Strike
0-1: Swinging Strike
0-2: Strikes out swinging
Batting: RHB Jared Pass 0-0: Ball
1-0: Foul Ball, location: 2F
1-1: Foul Ball, location: 2F
1-2: Strikes out swinging
Bottom of the 3rd over - 0 run(s), 0 hit(s), 0 error(s), 0 left on base; Iowa 1 - Oregon 3
TOP OF THE 4TH
Iowa Hawkeyes batting - Pitching for Oregon Ducks : RHP Bill Peterson
Batting: RHB Rob Byrd 0-0: Called Strike
0-1: Swinging Strike
0-2: Fly out, F2 (Popup, 2RF)
Batting: RHB Alexander Barr 0-0: Called Strike
0-1: Called Strike
0-2: Fly out, F7 (Popup, 78S)
Batting: RHB Tad Greene 0-0: Ball
1-0: Called Strike
1-1: Fly out, F9 (Flyball, 9D)
Top of the 4th over - 0 run(s), 0 hit(s), 0 error(s), 0 left on base; Iowa 1 - Oregon 3
BOTTOM OF THE 4TH
Oregon Ducks batting - Pitching for Iowa Hawkeyes : LHP Johnny Clark
Batting: RHB Raúl González 0-0: Called Strike
0-1: Ball
1-1: Ball
2-1: Ball
3-1: Called Strike
3-2: Base on Balls
Batting: RHB Mike Schenck 0-0: Ball
1-0: Foul Ball, location: 2F
1-1: Called Strike
1-2: Ball
2-2: Foul Ball, location: 2F
2-2: Grounds into double play, 5-4-3 (Groundball, 56)
Batting: RHB Nate Trevino 0-0: Called Strike
0-1: Ball
1-1: SINGLE (Line Drive, 34)
Batting: LHB Bill Stephenson 0-0: Ball
1-0: Foul Ball, location: 2F
1-1: Swinging Strike
1-2: Strikes out swinging
Bottom of the 4th over - 0 run(s), 1 hit(s), 0 error(s), 1 left on base; Iowa 1 - Oregon 3
TOP OF THE 5TH
Iowa Hawkeyes batting - Pitching for Oregon Ducks : RHP Bill Peterson
Batting: RHB Joe Brinkman 0-0: Swinging Strike
0-1: Foul Ball, location: 2F
0-2: Strikes out looking
Batting: SHB Travis Martin 0-0: Fly out, F5 (Line Drive, 5S)
Batting: RHB Vincent Powers 0-0: Ball
1-0: Called Strike
1-1: Called Strike
1-2: Strikes out swinging
Top of the 5th over - 0 run(s), 0 hit(s), 0 error(s), 0 left on base; Iowa 1 - Oregon 3
BOTTOM OF THE 5TH
Oregon Ducks batting - Pitching for Iowa Hawkeyes : LHP Johnny Clark
Batting: RHB Jerry Harris 0-0: Ball
1-0: Ball
2-0: Ball
3-0: Base on Balls
Batting: RHB Kris Ballard 0-0: Foul Ball, location: 2F
0-1: Foul Ball, location: 2F
0-2: Ball
1-2: Ball
2-2: Ball
3-2: Base on Balls
Jerry Harris to second
Pitching: RHP Samuel Farrell
Batting: RHB Bob Levinson 0-0: Called Strike
0-1: Ball
1-1: Foul Ball, location: 2F
1-2: Ball
2-2: Foul Ball, location: 2F
2-2: Foul Ball, location: 2F
2-2: Strikes out swinging
Batting: RHB Tom Cirilo 0-0: Foul Ball, location: 2F
0-1: Called Strike
0-2: Foul Ball, location: 2F
0-2: Ball
1-2: Strikes out swinging
Batting: RHB Jared Pass 0-0: Called Strike
0-1: Foul Ball, location: 2F
0-2: Ball
1-2: Strikes out swinging
Bottom of the 5th over - 0 run(s), 0 hit(s), 0 error(s), 2 left on base; Iowa 1 - Oregon 3
TOP OF THE 6TH
Iowa Hawkeyes batting - Pitching for Oregon Ducks : RHP Bill Peterson
Batting: RHB Gary Simmons 0-0: Fly out, F6 (Popup, 56D)
Batting: RHB Paul Dunn 0-0: Called Strike
0-1: Foul Ball, location: 2F
0-2: DOUBLE (Groundball, 5L)
Batting: RHB Kelsey Scott 0-0: Called Strike
0-1: Foul Ball, location: 2F
0-2: Ball
1-2: Ball
2-2: Strikes out swinging
Batting: RHB Rob Byrd 0-0: Called Strike
0-1: Swinging Strike
0-2: Foul Ball, location: 2F
0-2: Ball
1-2: Strikes out looking
Top of the 6th over - 0 run(s), 1 hit(s), 0 error(s), 1 left on base; Iowa 1 - Oregon 3
BOTTOM OF THE 6TH
Oregon Ducks batting - Pitching for Iowa Hawkeyes : RHP Samuel Farrell
Batting: RHB Raúl González 0-0: Ball
1-0: Ball
2-0: Ball
3-0: Foul Ball, location: 2F
3-1: Foul Ball, location: 2F
3-2: Base on Balls
Batting: RHB Mike Schenck 0-0: Ball
1-0: Ground out 5-3 (Groundball, 56S)
Raúl González to second
Batting: RHB Nate Trevino 0-0: Called Strike
0-1: Called Strike
0-2: Strikes out swinging
Batting: LHB Bill Stephenson 0-0: Ball
1-0: Foul Ball, location: 2F
1-1: Ground out 3-1 (Groundball, 34)
Bottom of the 6th over - 0 run(s), 0 hit(s), 0 error(s), 1 left on base; Iowa 1 - Oregon 3
TOP OF THE 7TH
Iowa Hawkeyes batting - Pitching for Oregon Ducks : RHP Bill Peterson
Batting: RHB Alexander Barr 0-0: Ball
1-0: Ball
2-0: Called Strike
2-1: Fly out, F5 (Line Drive, 56)
Batting: RHB Tad Greene 0-0: Foul Ball, location: 2F
0-1: Ball
1-1: Called Strike
1-2: Foul Ball, location: 2F
1-2: Fly out, F9 (Flyball, 89M)
Batting: RHB Joe Brinkman 0-0: Ball
1-0: Swinging Strike
1-1: Swinging Strike
1-2: Ball
2-2: Strikes out swinging
Top of the 7th over - 0 run(s), 0 hit(s), 0 error(s), 0 left on base; Iowa 1 - Oregon 3
BOTTOM OF THE 7TH
Oregon Ducks batting - Pitching for Iowa Hawkeyes : RHP Samuel Farrell
Pitching: RHP Eduardo Morales
Batting: RHB Jerry Harris 0-0: Foul Ball, location: 2F
0-1: Foul Ball, location: 2F
0-2: Ball
1-2: Strikes out swinging
Batting: RHB Kris Ballard 0-0: Ball
1-0: Swinging Strike
1-1: Swinging Strike
1-2: Strikes out swinging
Batting: RHB Bob Levinson 0-0: Ball
1-0: Fly out, F5 (Line Drive, 5L)
Bottom of the 7th over - 0 run(s), 0 hit(s), 0 error(s), 0 left on base; Iowa 1 - Oregon 3
TOP OF THE 8TH
Iowa Hawkeyes batting - Pitching for Oregon Ducks : RHP Bill Peterson
Pitching: LHP Theodore Plummer
Now in RF: Joey Boyd
Batting: SHB Travis Martin 0-0: Called Strike
0-1: Ball
1-1: Ball
2-1: Called Strike
2-2: Ball
3-2: Strikes out swinging
Batting: RHB Vincent Powers 0-0: Foul Ball, location: 2F
0-1: Swinging Strike
0-2: Ball
1-2: Ball
2-2: Ball
3-2: Foul Ball, location: 2F
3-2: Base on Balls
Pitching: RHP Steve Smith
Batting: RHB Gary Simmons 0-0: Called Strike
0-1: Foul Ball, location: 2F
0-2: Ball
1-2: Ball
2-2: Foul Ball, location: 2F
2-2: Ball
3-2: Strikes out swinging
Batting: RHB Paul Dunn 0-0: Called Strike
0-1: Swinging Strike
0-2: Ball
1-2: Ball
2-2: Foul Ball, location: 2F
2-2: Ball
3-2: Base on Balls
Vincent Powers to second
Batting: RHB Kelsey Scott 0-0: Ball
1-0: Ball
2-0: Ground out 5-3 (Groundball, 5S)
Top of the 8th over - 0 run(s), 0 hit(s), 0 error(s), 2 left on base; Iowa 1 - Oregon 3
BOTTOM OF THE 8TH
Oregon Ducks batting - Pitching for Iowa Hawkeyes : RHP Eduardo Morales
Batting: RHB Tom Cirilo 0-0: Ball
1-0: Called Strike
1-1: Swinging Strike
1-2: Strikes out swinging
Batting: RHB Jared Pass 0-0: Ball
1-0: Ball
2-0: Foul Ball, location: 2F
2-1: Ball
3-1: SINGLE (Flyball, 89S)
Batting: RHB Raúl González 0-0: Ball
1-0: Swinging Strike
1-1: Foul Ball, location: 2F
1-2: Strikes out looking
Batting: RHB Mike Schenck 0-0: Ground out 6-3 (Groundball, 6)
Bottom of the 8th over - 0 run(s), 1 hit(s), 0 error(s), 1 left on base; Iowa 1 - Oregon 3
TOP OF THE 9TH
Iowa Hawkeyes batting - Pitching for Oregon Ducks : RHP Steve Smith
Pitching: RHP Gilbert Bright
Batting: RHB Rob Byrd 0-0: Called Strike
0-1: Ball
1-1: Ball
2-1: Ball
3-1: Base on Balls
Batting: RHB Alexander Barr 0-0: Ball
1-0: Ball
2-0: Grounds into double play, 5-4-3 (Groundball, 5)
Batting: RHB Tad Greene 0-0: Ball
1-0: Ball
2-0: Called Strike
2-1: Ball
3-1: SINGLE (Line Drive, 7S)
Batting: RHB Joe Brinkman 0-0: Called Strike
0-1: Ball
1-1: Swinging Strike
1-2: Foul Ball, location: 2F
1-2: Strikes out swinging
Top of the 9th over - 0 run(s), 1 hit(s), 0 error(s), 1 left on base; Iowa 1 - Oregon 3
This league is powered by Out of the Park Baseball, the baseball management simulation game for PC, Mac and Linux
Tuesday, August 2nd, 2016 - OOTP Baseball 16.8 Build 38